 Dungeon Crawl Stone Soup version 0.28.0-1-gb440e238dd (webtiles) character file.

Game seed: 14097128377820838608

50212 Kaptain the Thaumaturge (level 14, -6/84 HPs)
             Began as a Deep Elf Earth Elementalist on Feb 23, 2022.
             Killed from afar by a deep elf knight (30 damage)
             ... with a lance of force
             ... on level 1 of the Elven Halls.
             The game lasted 01:16:20 (29631 turns).

Kaptain the Thaumaturge (DEEE)                     Turns: 29631, Time: 01:16:21

Health: -6/84      AC: 19    Str: 12    XL:     14   Next: 18%
Magic:  9/34       EV: 17    Int: 28    God:
Gold:   1960       SH:  6    Dex: 20    Spells: 27/41 levels left

rFire   . . .      SeeInvis +   k - +5 morningstar of Mutilation {holy, rElec Will+ Str+7}
rCold   . . .      Faith    .   I - +0 buckler
rNeg    . . .      Spirit   .   w - +5 leather armour of Zohetiuk {Will+ Int+2 Dex+5}
rPois   +          Reflect  .   G - +0 helmet
rElec   +          Harm     .   v - +1 cloak {rPois}
rCorr   .          Rampage  .   (no gloves)
Will    +++..                   x - +2 pair of boots
Stlth   ++++......              (no amulet)
HPRegen 0.24/turn               o - +4 ring of protection
MPRegen 0.24/turn               A - ring of see invisible

@: studying Axes
A: no striking features
a: no special abilities


You were on level 1 of the Elven Halls.
You visited 5 branches of the dungeon, and saw 19 of its levels.
You also visited: Ice Cave.

You collected 1960 gold pieces.

Inventory:

Hand Weapons
 k - the +5 morningstar of Mutilation (weapon) {holy, rElec Will+ Str+7}
   (You found it on level 2 of the Dungeon)

   It has been blessed by the Shining One to cause great damage to the undead
   and demons.
   Str:       It affects your strength (+7).
   rElec:     It insulates you from electricity.
   Will:      It increases your willpower.
 m - a +2 short sword of venom
 t - a +0 trident
Missiles
 c - 299 stones
 l - 30 poisoned darts (quivered)
 C - 2 curare-tipped darts
 L - 5 silver javelins
 Q - 6 javelins
Armour
 g - a +1 chain mail of cold resistance
 v - a +1 cloak of poison resistance (worn)
 w - the +5 leather armour of Zohetiuk (worn) {Will+ Int+2 Dex+5}
   (You found it on level 7 of the Dungeon)

   Int:       It affects your intelligence (+2).
   Dex:       It affects your dexterity (+5).
   Will:      It increases your willpower.
 x - a +2 pair of boots (worn)
 G - a +0 helmet (worn)
 H - +0 acid dragon scales
 I - a +0 buckler (worn)
Magical Staves
 n - a staff of earth
 V - a staff of poison
Jewellery
 o - a +4 ring of protection (left hand)
 A - a ring of see invisible (right hand)
 E - a ring of ice
 N - a +6 ring of intelligence
 S - a ring of protection from cold
 T - a +4 ring of evasion
Wands
 p - a wand of polymorph (10)
 q - a wand of mindburst (4)
 u - a wand of charming (7)
 y - a wand of iceblast (13)
 D - a wand of flame (22)
 R - a wand of acid (2)
 W - a wand of paralysis (3)
Scrolls
 d - 2 scrolls of identify
 e - a scroll of enchant weapon
 f - a scroll of summoning
 h - 5 scrolls of fog
 i - 7 scrolls of teleportation
 j - a scroll of blinking
 B - 2 scrolls of fear
 F - 3 scrolls of immolation
 J - a scroll of enchant armour
 Y - 3 scrolls of magic mapping
 Z - 2 scrolls of amnesia
Potions
 a - 4 potions of curing
 b - 3 potions of might
 r - a potion of mutation
 s - a potion of flight
 z - 3 potions of haste
 K - a potion of resistance
 M - a potion of invisibility
 O - 4 potions of brilliance
 U - 2 potions of lignification
Miscellaneous
 P - a condenser vane


   Skills:
 * Level 8.9 Fighting
 + Level 5.6 Armour
 - Level 9.2 Dodging
 - Level 8.3 Stealth
 - Level 5.0 Shields
 * Level 14.2 Spellcasting
 * Level 11.4 Conjurations
 + Level 4.9 Transmutations
 * Level 12.1 Earth Magic


You had 27 spell levels left.
You knew the following spells:

 Your Spells              Type           Power      Damage    Failure   Level
a - Sandblast             Erth           100%       2d20      1%          1
b - Stone Arrow           Conj/Erth      100%       3d13      1%          3
c - Swiftness             Air            19%        N/A       13%         3
d - Mephitic Cloud        Conj/Pois/Air  41%        N/A       2%          3
e - Animate Armour        Summ/Erth      100%       N/A       3%          4

Your spell library contained the following spells:

 Spells                   Type           Power      Damage    Failure   Level
 Magic Dart               Conj           100%       1d8       1%          1
 Passwall                 Tmut/Erth      50%        N/A       1%          2
 Petrify                  Tmut/Erth      61%        N/A       1%          4
 Apportation              Tloc           38%        N/A       4%          1
 Pain                     Necr           76%        1d7       4%          1
 Call Imp                 Summ           19%        N/A       6%          2
 Ensorcelled Hibernation  Hex/Ice        38%        N/A       6%          2
 Confusing Touch          Hex            19%        N/A       13%         3
 Gell's Gravitas          Tloc           19%        N/A       13%         3
 Lesser Beckoning         Tloc           19%        N/A       13%         3
 Teleport Other           Tloc           19%        N/A       13%         3
 Tukima's Dance           Hex            19%        N/A       13%         3
 Statue Form              Tmut/Erth      40%        N/A       19%         6
 Anguish                  Hex/Necr       9%         N/A       38%         4
 Alistair's Intoxication  Tmut/Pois      22%        N/A       38%         5
 Yara's Violent Unravell  Hex/Tmut       16%        3d8       38%         5
 Agony                    Necr           19%        N/A       75%         5
 Excruciating Wounds      Necr           9%         N/A       75%         5
 Metabolic Englaciation   Hex/Ice        9%         N/A       75%         5
 Lehudib's Crystal Spear  Conj/Erth      36%        10d9      92%         8
 Dispersal                Tloc           9%         N/A       100%        6
 Enfeeble                 Hex            9%         N/A       100%        7
 Chain Lightning          Conj/Air       25%        3d34      100%        9
 Fire Storm               Conj/Fire      25%        8d7       100%        9
 Shatter                  Erth           36%        3d29*     100%        9


Dungeon Overview and Level Annotations

Branches:
Dungeon (9/15)             Temple (1/1) D:5            Lair (6/6) D:9
 Shoals (0/4) Lair:4       Spider (0/4) Lair:3        Slime (0/5) Lair:5
    Orc (2/2) D:9             Elf (1/3) Orc:2         IceCv (visited)

Altars:
Ashenzari
Cheibriados
Dithmenos
Elyvilon
Fedhas
Gozag
Hepliaklqana
Kikubaaqudgha
Makhleb
Nemelex Xobeh
Qazlal
Ru
Sif Muna
Trog
Uskayaw
Wu Jian
Xom
Yredelemnul
Zin
The Shining One
Beogh
Jiyva

Shops:
Orc:2 ((([   Elf:1 ([


Message History

The deep elf knight is moderately wounded.
The deep elf knight casts a spell at you.
The shard of ice misses you. The deep elf knight misses you.
Casting: Stone Arrow (safe; 1% risk of failure)
Confirm with . or Enter, or press ? or * to list all spells.
Aiming: Stone Arrow (safe; 1% risk of failure)
Press: ? - help, Shift-Dir - straight line, f/p - deep elf knight
Aim: a deep elf knight, quivering arrows (moderately wounded, fast, slightly transparent, 58% to hit)
The stone arrow misses the deep elf knight.
The deep elf knight misses you.
Unknown command.
Casting: Stone Arrow (safe; 1% risk of failure)
Confirm with . or Enter, or press ? or * to list all spells.
Aiming: Stone Arrow (safe; 1% risk of failure)
Press: ? - help, Shift-Dir - straight line, f/p - deep elf knight
Aim: a deep elf knight, quivering arrows (moderately wounded, fast, slightly transparent, 58% to hit)
The stone arrow misses the deep elf knight.
The deep elf knight gestures at you while chanting.
The shard of ice hits you!!
* * * LOW HITPOINT WARNING * * *
The deep elf knight misses you.
Casting: Stone Arrow (safe; 1% risk of failure)
Confirm with . or Enter, or press ? or * to list all spells.
Aiming: Stone Arrow (safe; 1% risk of failure)
Press: ? - help, Shift-Dir - straight line, f/p - deep elf knight
Aim: a deep elf knight, quivering arrows (moderately wounded, fast, slightly transparent, 58% to hit)
The stone arrow hits the deep elf knight!!
The deep elf knight is severely wounded.
The deep elf knight closely misses you.
Casting: Stone Arrow (safe; 1% risk of failure)
Confirm with . or Enter, or press ? or * to list all spells.
Aiming: Stone Arrow (safe; 1% risk of failure)
Press: ? - help, Shift-Dir - straight line, f/p - deep elf knight
Aim: a deep elf knight, quivering arrows (severely wounded, fast, slightly transparent, 58% to hit)
The stone arrow misses the deep elf knight.
The deep elf knight gestures at you while chanting.
The lance of force misses you.
The deep elf knight casts a spell at you.
The lance of force hits you!!
You die...

#..≈≈≈))..#######
#≈≈≈≈≈≈≈≈≈#.....
#≈≈≈≈≈≈≈≈≈#...##
#≈≈≈≈≈≈≈≈≈#....## #
#..≈≈≈≈≈..#.....##.####
#......................
##..###.#.......##
.......##...e.##
............)@.#
####..####.##.#
#..####.##.#
#.....[..#.# ####
#....##..)## ....
#[...#÷....#.e#
#...........#
......).∩..(#
............e...


You could see a deep elf knight (fast, invisible).

Vanquished Creatures
  An orc warlord (Orc:2)
  A minotaur (Lair:1)
  6 hydras
  2 boulder beetles
  2 catoblepae (Lair:6)
  3 death yaks (Lair:6)
  2 two-headed ogres
  A deep troll shaman (Lair:6)
  2 dancing weapons (Elf:1)
  The ghost of confidenceinterval the Fighter, a novice GrEE of Ashenzari (Lair:1)
  Urug (Lair:1)
  2 orc knights (Orc:2)
  2 deep elf pyromancers (Elf:1)
  2 deep elf zephyrmancers (Elf:1)
  2 orc sorcerers (Orc:2)
  2 ugly things (IceCv)
  A salamander (Lair:3)
  3 ice statues (IceCv)
  Joseph (D:8)
  10 elephants
  4 black mambas
  A torpor snail (Lair:3)
  4 cane toads (Lair:1)
  5 komodo dragons
  Maggie (Lair:2)
  2 anaconda simulacra (IceCv)
  2 ice devils (Lair:4)
  2 trolls
  Grinder (D:5)
  5 polar bears
  2 hornets
  5 blink frogs
  A snapping turtle (Lair:4)
  An air elemental (Elf:1)
  3 culicivoras (Lair:3)
  A spriggan (Lair:6)
  32 yaks
  4 wyverns
  A dire elephant simulacrum (IceCv)
  A fire elemental (Lair:3)
  A steam dragon (D:9)
  A death yak simulacrum (IceCv)
  3 wargs
  Edmund (D:4)
  2 acid dragons (D:8)
  12 water moccasins
  2 sky beasts
  22 orc warriors
  4 black bears
  2 necrophages
  A hornet zombie (D:7)
  3 ogres
  49 wolves
  3 centaurs
  4 kobold brigands
  10 bullfrogs
  A scorpion (D:5)
  A cane toad simulacrum (IceCv)
  2 water moccasin zombies (D:5)
  An elephant simulacrum (IceCv)
  16 wights
  2 howler monkeys
  A centaur zombie (D:8)
  3 jellies
  A centaur skeleton (D:5)
  21 orc priests
  5 hounds
  Crazy Yiuf (D:5)
  A bullfrog skeleton (D:5)
  6 iguanas
  24 orc wizards
  4 hell rats
  A killer bee zombie (D:8)
  A wolf simulacrum (IceCv)
  A hound skeleton (D:5)
  2 howler monkey zombies
  A howler monkey skeleton (D:6)
  7 adders
  A white imp (D:8)
  2 ufetubi
  3 adder skeletons
  A worm (D:3)
  2 dart slugs
  65 orcs
  10 ball pythons
  8 endoplasms
  A giant cockroach (D:2)
  4 goblins
  5 hobgoblins
  3 jackals (D:3)
  19 kobolds
  A quokka (D:3)
  4 bats
  3 frilled lizards
  A quokka zombie (D:3)
  7 rats
488 creatures vanquished.

Vanquished Creatures (others)
  30 fungi
  37 plants
67 creatures vanquished.

Grand Total: 555 creatures vanquished

Notes
Turn   | Place    | Note
-------+----------+-------------------------------------------
     0 | D:1      | Kaptain the Deep Elf Earth Elementalist began the quest for
                  | the Orb.
     0 | D:1      | Reached XP level 1. HP: 10/10 MP: 6/6
   217 | D:1      | Reached XP level 2. HP: 15/16 MP: 6/8
  1265 | D:2      | Found a sparkling altar of Nemelex Xobeh.
  1337 | D:2      | Reached XP level 3. HP: 8/20 MP: 7/10
  1343 | D:2      | Learned a level 3 spell: Stone Arrow
  1615 | D:2      | Identified the +5 morningstar of Mutilation {holy, rElec
                  | Will+ Str+7}
  2024 | D:2      | Found a faded altar of an unknown god.
  2594 | D:3      | Reached skill level 1 in Fighting
  2888 | D:3      | Reached skill level 4 in Spellcasting
  2888 | D:3      | Reached skill level 1 in Conjurations
  2888 | D:3      | Reached XP level 4. HP: 21/25 MP: 12/12
  2937 | D:3      | Found a sparkling altar of Nemelex Xobeh.
  2938 | D:3      | Found a transporter.
  2946 | D:3      | Found a transporter.
  3874 | D:5      | Entered Level 5 of the Dungeon
  3876 | D:5      | Noticed Grinder
  3881 | D:5      | Noticed Edmund
  3882 | D:5      | Reached XP level 5. HP: 29/29 MP: 7/13
  3937 | D:4      | Killed Edmund
  3938 | D:4      | Reached XP level 6. HP: 34/35 MP: 7/15
  4043 | D:4      | Reached skill level 5 in Spellcasting
  4069 | D:4      | Reached XP level 7. HP: 12/40 MP: 5/17
  4291 | D:5      | Reached skill level 5 in Earth Magic
  4520 | D:5      | Killed Grinder
  4521 | D:5      | Reached skill level 6 in Spellcasting
  4637 | D:5      | Reached XP level 8. HP: 46/46 MP: 15/19
  5121 | D:5      | Found a runed translucent door.
  5122 | D:5      | Noticed Crazy Yiuf
  5127 | D:5      | Killed Crazy Yiuf
  5234 | D:5      | Found a broken altar of Ashenzari.
  5288 | D:5      | Saw a vision of the Shoals and the Spider Nest.
  5288 | D:5      | Noticed a sea snake
  5288 | D:5      | Noticed a hornet
  5288 | D:5      | Noticed a wolf spider
  5288 | D:5      | Noticed a merfolk siren
  5288 | D:5      | Noticed a merfolk
  5353 | D:5      | Found a staircase to the Ecumenical Temple.
  5363 | Temple   | Entered the Ecumenical Temple
  5618 | D:5      | You fall into a shaft and drop 2 floors!
  5620 | D:7      | Found a glowing golden altar of the Shining One.
  5630 | D:7      | Identified the +5 leather armour of Zohetiuk {Will+ Int+2
                  | Dex+5}
  5652 | D:7      | Reached skill level 1 in Armour
  5655 | D:7      | Reached skill level 5 in Stealth
  5655 | D:7      | Reached skill level 7 in Spellcasting
  5890 | D:7      | Noticed a hornet
  5894 | D:7      | Killed a hornet
  5895 | D:7      | Reached skill level 5 in Conjurations
  6134 | D:6      | Found a faded altar of an unknown god.
  6134 | D:6      | Found a stormy altar of Qazlal.
  6142 | D:6      | Found a bloodstained altar of Trog.
  6144 | D:6      | Found a faded altar of an unknown god.
  6146 | D:6      | Found a hazy altar of Hepliaklqana.
  6306 | D:5      | Reached skill level 5 in Dodging
  6306 | D:5      | Reached XP level 9. HP: 52/52 MP: 15/22
  6707 | D:6      | Found a glowing silver altar of Zin.
  6794 | D:6      | Identified the +3 hand axe of Perfectionism {vorpal,
                  | Fragile Fly rElec rN++}
  7075 | D:6      | Reached skill level 8 in Spellcasting
  7530 | D:7      | Noticed a cyclops
  7531 | D:7      | Noticed a two-headed ogre
  7766 | D:7      | Noticed a boulder beetle
  7774 | D:7      | Killed a boulder beetle
  8521 | D:8      | Reached skill level 5 in Fighting
  8682 | D:7      | Reached XP level 10. HP: 56/59 MP: 15/24
  8686 | D:7      | Reached skill level 9 in Spellcasting
  9366 | D:8      | Noticed Joseph
  9373 | D:8      | Killed Joseph
 10001 | D:9      | Noticed a two-headed ogre
 10016 | D:9      | Killed a two-headed ogre
 10168 | D:9      | Reached skill level 1 in Shields
 10409 | D:9      | Found a staircase to the Lair.
 10688 | D:9      | Found a blossoming altar of Fedhas.
 10785 | D:9      | Found a staircase to the Orcish Mines.
 10923 | D:9      | Reached skill level 10 in Spellcasting
 11362 | Orc:1    | Entered Level 1 of the Orcish Mines
 11422 | Orc:1    | Reached XP level 11. HP: 64/64 MP: 14/27
 11666 | Orc:1    | Found a shimmering altar of Xom.
 11940 | Orc:1    | Learned a level 3 spell: Swiftness
 12211 | Orc:2    | Entered Level 2 of the Orcish Mines
 12402 | Orc:2    | Noticed an orc sorcerer
 12507 | Lair:1   | Entered Level 1 of the Lair of Beasts
 12511 | Lair:1   | Noticed a minotaur
 12511 | Lair:1   | Noticed confidenceinterval's ghost (novice GrEE)
 13303 | Lair:1   | Found a runed translucent gate.
 13308 | Lair:1   | Found a runed translucent gate.
 13308 | Lair:1   | Found a runed translucent gate.
 13422 | Lair:1   | Noticed Urug
 13428 | Lair:1   | Killed Urug
 13727 | Lair:2   | Noticed a seven-headed hydra
 13730 | Lair:2   | Killed a seven-headed hydra
 14099 | Lair:2   | Noticed a six-headed hydra
 14105 | Lair:2   | Killed a six-headed hydra
 14106 | Lair:2   | Reached skill level 11 in Spellcasting
 14794 | Lair:2   | Noticed Maggie
 14800 | Lair:2   | Killed Maggie
 15259 | Lair:3   | Noticed an eight-headed hydra
 15260 | Lair:3   | Found a hole to the Spider Nest.
 15416 | Lair:3   | Reached XP level 12. HP: 30/71 MP: 11/29
 15636 | Lair:3   | Killed an eight-headed hydra
 16010 | Lair:4   | Found a staircase to the Shoals.
 16090 | Lair:4   | Found a frozen archway.
 16102 | IceCv    | Entered an ice cave
 16432 | IceCv    | Reached skill level 10 in Earth Magic
 18020 | Lair:4   | Reached skill level 12 in Spellcasting
 18492 | Lair:4   | Noticed a boulder beetle
 18609 | Lair:4   | Killed a boulder beetle
 19159 | Lair:5   | Identified the +5 battleaxe of the Madman {flame, *Noise
                  | rPois rCorr Dex+3}
 19680 | Lair:5   | Found a viscous altar of Jiyva.
 19680 | Lair:5   | Found a staircase to the Slime Pits.
 19911 | Lair:5   | Noticed a seven-headed hydra
 19921 | Lair:5   | Killed a seven-headed hydra
 19922 | Lair:5   | Reached skill level 5 in Shields
 20643 | Lair:6   | Entered Level 6 of the Lair of Beasts
 20663 | Lair:5   | Reached skill level 10 in Conjurations
 20663 | Lair:5   | Reached XP level 13. HP: 46/78 MP: 14/31
 22069 | Lair:5   | Reached skill level 13 in Spellcasting
 22423 | Lair:6   | Learned a level 3 spell: Mephitic Cloud
 22901 | Lair:6   | Reached skill level 5 in Armour
 23495 | Lair:6   | Learned a level 4 spell: Animate Armour
 25676 | Orc:2    | Found a staircase to the Elven Halls.
 26092 | Orc:2    | Found Mufeosony's Weapon Boutique.
 26277 | Orc:2    | Found Nezab's Antique Weapon Emporium.
 27417 | Orc:2    | Noticed an orc warlord
 27541 | Orc:2    | Killed an orc warlord
 27726 | Orc:2    | Reached XP level 14. HP: 72/84 MP: 11/33
 27871 | Orc:2    | Found Bawymiuv's Antique Weapon Shop.
 27876 | Orc:2    | Found Foathris's Antique Armour Boutique.
 28108 | Lair:5   | Identified the +1 robe "Ageegraa" {Will+++ MP+9 Str-5
                  | Dex-5}
 28636 | Lair:1   | Reached skill level 14 in Spellcasting
 28642 | Lair:1   | Killed confidenceinterval's ghost
 28727 | Lair:1   | HP: 1/84 [minotaur/javelin (18)]
 29218 | Elf:1    | Entered Level 1 of the Elven Halls
 29384 | Elf:1    | Found Wixeeny's Weapon Shop.
 29394 | Elf:1    | Paralysed by an air elemental for 1 turns
 29396 | Elf:1    | Paralysed by an air elemental for 1 turns
 29616 | Elf:1    | Found Heacw's Antique Armour Shop.
 29631 | Elf:1    | Killed from afar by a deep elf knight

Illustrated notes

Levels and vault maps discovered:
D:1:      psy_arrival_basics, layout_basic, glass_columns_a
D:2:      layout_basic, basic_altar,
          dreamdust_ecumenical_altar_hidden_monk_grotto,
          minmay_misc_feat_ornament, minmay_split_cup_large
D:3:      layout_basic, gammafunk_temple_overflow_arena, minivault_25,
          kennysheep_generic_room_2
D:4:      layout_loops_ring
D:5:      minmay_recursive_quarters, layout_cave_pools,
          grunt_ashenzari_visionary [grunt_ashenzari_visionary_shoals,
          grunt_ashenzari_visionary_spider], temple_green, uniq_grinder,
          uniq_edmund, uniq_crazy_yiuf_cottage
D:6:      layout_cave_pods, zin_scriptorium, chequers_temple_overflow_minitemple
D:7:      layout_loops_cross, nicolae_tso_swordbearing_angel,
          lightli_corner_chamber
D:8:      layout_rooms, uniq_joseph
D:9:      nicolae_cairo_tiling_large_dashed, layout_long_grid,
          nicolae_overflow_hidden_temple
Temple:   minmay_temple_curvy_loop
Lair:1:   layout_gridlike, maelrawn_ghost_gauntlet_escape, patterned_corridor,
          uniq_urug
Lair:2:   layout_cave_pods, st_stairs_5, beast_lair_carwin_3,
          grunt_megastairs_2, lemuel_fruit_tree, uniq_maggie
Lair:3:   layout_gridlike, hellmonk_spider_entry_life_and_decay
Lair:4:   layout_layer_cave, minmay_shoals_entry_hut,
          portal_ice_cave_demonic_guard, infiniplex_staircase_pool_2
Lair:5:   layout_regular_city, dpeg_slime_entry_enclosed_altar
Lair:6:   grunt_lair_end_beastmaster, layout_hall_layers, st_stairs_5,
          chequers_serial_rivers_small_b, grunt_forest_large_clearings
Orc:1:    layout_diamond_mine, basic_altar
Orc:2:    grunt_orc_community_town_hall, layout_caves,
          grunt_orc_community_big_house_1, grunt_orc_community_big_house_1,
          grunt_orc_community_house_2, grunt_orc_community_house_1,
          grunt_orc_community_house_2, grunt_orc_community_house_1
Elf:1:    eino_elf_arrival_sip, layout_loops_ring, serial_shops,
          nicolae_shop_advertising_works [nicolae_subvault_shop_adworks],
          nicolae_shop_bloodbath_and_beyond, shop, shop, shop_coins,
          minmay_elf_demonology, uniq_frances

Skill      XL: |  1  2  3  4  5  6  7  8  9 10 11 12 13 14 |
---------------+-------------------------------------------+-----
Fighting       | 1 2 3 4 5 6 7 8 |  8.9
Stealth        | 3 4 5 6 7 8 |  8.3
Spellcasting   | 4 5 6 7 8 10 11 12 13 14 | 14.2
Conjurations   | 1 2 3 4 5 6 7 8 10 11 | 11.4
Dodging        | 3 4 5 6 7 8 9 |  9.2
Earth Magic    | 4 5 6 7 8 9 10 11 12 | 12.1
Armour         | 1 2 3 4 5 |  5.6
Shields        | 1 3 5 |  5.0
Transmutations | 2 4 |  4.9

Action                   |  1- 3 |  4- 6 |  7- 9 | 10-12 | 13-15 || total
-------------------------+-------+-------+-------+-------+-------++-------
Melee: Hand axe          |    25 |       |       |       |       ||    25
       Quarterstaff      |    11 |       |       |       |       ||    11
       Morningstar       |    23 |    19 |       |   108 |    43 ||   193
       Punch             |     2 |       |       |     1 |       ||     3
       Unarmed           |       |    14 |       |       |       ||    14
 Cast: Sandblast         |    31 |    26 |    64 |    91 |    37 ||   249
       Stone Arrow       |       |     3 |    87 |   334 |   360 ||   784
       Animate Armour    |       |       |       |       |     2 ||     2
Evoke: Wand              |       |       |       |     3 |     6 ||     9
  Use: Potion            |       |     2 |       |     1 |     4 ||     7
       Scroll            |       |     5 |     4 |    12 |     1 ||    22
 Stab: Sleeping          |     3 |     1 |       |     1 |       ||     5
       Confused          |       |     3 |       |       |       ||     3
Armor: Robe              |     2 |       |       |       |       ||     2
       Leather armour    |     9 |    11 |    18 |   170 |   110 ||   318
Dodge: Dodged            |    42 |    37 |    32 |   285 |   278 ||   674
Block: Buckler           |       |       |       |    94 |   100 ||   194
